 Dungeon Crawl Stone Soup version 0.31.0-12-g77e489cdc1 (webtiles) character file.

Game seed: 8589529550773541399

203429 bearlyready the Prestidigitator (level 18, -1/143 HPs)
             Began as a Gnoll Artificer on Feb 24, 2024.
             Was the Champion of Cheibriados.
             Slain by a nagaraja
             ... wielding a +0 halberd
              (22 damage)
             ... on level 4 of the Snake Pit.
             The game lasted 01:07:29 (36539 turns).

bearlyready the Prestidigitator (Gnoll Artificer)  Turns: 36539, Time: 01:07:30

Health: -1/143     AC: 42    Str: 36 (37) XL:     18   Next: 61%
Magic:  34/34      EV: 20    Int: 26      God:    Cheibriados [******]
Gold:   640        SH: 15    Dex: 29      Spells: 30/42 levels left

rFire   + . .        K - +1 eveningstar of Baukhlu {spect, rC+ Str+4}
rCold   + . .        l - +0 kite shield
rNeg    . . .        I - +4 gold dragon scales
rPois   +            u - +1 helmet of Geropriwy {rElec rF++}
rElec   +            A - +0 cloak
rCorr   .            v - +2 pair of gloves {Stlth+}
SInv    .            g - +2 pair of boots
Will    +....        J - amulet of Elemental Vulnerability {rPois rF-- rC-- AC+8} Stlth
                     j - +5 ring of evasion
HPRegen 0.43/turn    z - ring of protection from cold
MPRegen 0.24/turn

%: no passive effects
@: lethally poisoned (-1 -> -5), untranslocatable, constricted, studying 2
skills, very slow
A: fangs 1, strong nose, distributed training, deterioration 1, wild magic 1
}: 1/15 runes: decaying
a: Renounce Religion, Bend Time, Temporal Distortion, Slouch, Step From Time


You were on level 4 of the Snake Pit.
You worshipped Cheibriados.
Cheibriados was exalted by your worship.
You visited 6 branches of the dungeon, and saw 31 of its levels.
You also visited: Bailey.

You collected 4372 gold pieces.
You spent 3732 gold pieces at shops.

Inventory:

Hand Weapons
 K - the +1 eveningstar of Baukhlu (weapon) {spect, rC+ Str+4}
   (You bought it in a shop on level 7 of the Dungeon)

   Str+4:     It affects your strength (+4).
   rC+:       It protects you from cold.
 V - the +9 sling "Qufu" {antimagic, Stlth+}
   (You found it on level 3 of the Snake Pit)

   Stlth+:    It makes you more stealthy.
Missiles
 L - 5 darts of dispersal
 P - 35 boomerangs (quivered)
 Y - 20 poisoned darts
Armour
 g - a +2 pair of boots (worn)
 l - a +0 kite shield (worn)
 r - a +2 hat
 u - the +1 helmet of Geropriwy (worn) {rElec rF++}
   (You found it on level 4 of the Dungeon)

   rF++:      It greatly protects you from fire.
   rElec:     It insulates you from electricity.
 v - a +2 pair of gloves of stealth (worn)
 A - a +0 cloak (worn)
 I - +4 gold dragon scales (worn)
Jewellery
 j - a +5 ring of evasion (left hand)
 z - a ring of protection from cold (right hand)
 J - the amulet of Elemental Vulnerability (around neck) {rPois rF-- rC-- AC+8}
   (You found it on level 8 of the Dungeon)

   [amulet of nothing]

   AC+8:      It affects your AC (+8).
   rF--:      It makes you very vulnerable to fire.
   rC--:      It makes you very vulnerable to cold.
   rPois:     It protects you from poison
 N - a ring of flight
 X - a +5 ring of evasion
Wands
 c - a wand of flame (95)
 d - a wand of charming (7)
 y - a wand of roots (14)
 F - a wand of paralysis (17)
 T - a wand of polymorph (17)
Scrolls
 b - 4 scrolls of vulnerability
 f - 2 scrolls of noise
 i - 14 scrolls of teleportation
 o - 8 scrolls of immolation
 q - 4 scrolls of blinking
 s - 2 scrolls of brand weapon
 w - 2 scrolls of enchant weapon
 B - 3 scrolls of silence
 M - 2 scrolls of fog
 O - a scroll of fear
 U - a scroll of poison
Potions
 a - 6 potions of curing
 e - 3 potions of ambrosia
 h - 2 potions of heal wounds
 k - 4 potions of cancellation
 n - 2 potions of mutation
 p - 4 potions of haste
 C - 3 potions of resistance
 D - 12 potions of degeneration
 E - 5 potions of magic
 G - 6 potions of brilliance
 H - 6 potions of attraction {unknown}
 Q - 4 potions of invisibility {unknown}
 R - 3 potions of might
 S - 6 potions of enlightenment
 W - a potion of lignification {unknown}
 Z - a potion of berserk rage
Miscellaneous
 m - a phial of floods
 x - a sack of spiders (inert)


   Skills:
 + Level 13.2 Fighting
 + Level 12.9 Short Blades
 + Level 12.9 Long Blades
 + Level 12.9 Axes
 + Level 12.9 Maces & Flails
 + Level 12.9 Polearms
 + Level 12.9 Staves
 + Level 12.9 Ranged Weapons
 + Level 12.9 Throwing
 + Level 13.6 Armour
 + Level 13.2 Dodging
 + Level 13.1 Stealth
 + Level 12.9 Shields
 + Level 12.9 Unarmed Combat
 + Level 12.9 Spellcasting
 + Level 11.0 Conjurations
 + Level 11.0 Hexes
 + Level 11.0 Summonings
 + Level 11.0 Necromancy
 + Level 11.0 Translocations
 + Level 11.0 Fire Magic
 + Level 11.0 Ice Magic
 + Level 11.0 Air Magic
 + Level 11.0 Earth Magic
 + Level 11.0 Alchemy
 + Level 14.6 Invocations
 + Level 14.8 Evocations
 + Level 11.9 Shapeshifting


You had 30 spell levels left.
You knew the following spells:

 Your Spells              Type           Power      Damage    Failure   Level
a - Fugue of the Fallen   Necr           77%        N/A       3%          3
b - Blink                 Tloc           100%       N/A       1%          2
c - Passwall              Erth           77%        N/A       3%          3
d - Manifold Assault      Tloc           77%        N/A       10%         4

Your spell library contained the following spells:

 Spells                   Type           Power      Damage    Failure   Level
 Magic Dart               Conj           100%       1d8       1%          1
 Sandblast                Erth           100%       2d20      1%          1
 Call Imp                 Summ           100%       N/A       1%          2
 Ensorcelled Hibernation  Hex/Ice        100%       N/A       1%          2
 Jinxbite                 Hex            100%       N/A       1%          2
 Mercury Vapours          Alch/Air       100%       N/A       1%          2
 Sublimation of Blood     Necr           77%        N/A       1%          2
 Call Canine Familiar     Summ           77%        N/A       3%          3
 Dazzling Flash           Conj/Hex       100%       N/A       3%          3
 Gell's Gravitas          Tloc           77%        N/A       3%          3
 Hailstorm                Conj/Ice       77%        3d13      3%          3
 Mephitic Cloud           Conj/Alch/Air  77%        N/A       3%          3
 Ozocubu's Armour         Ice            77%        N/A       3%          3
 Sigil of Binding         Hex            77%        N/A       3%          3
 Stone Arrow              Conj/Erth      100%       3d13      3%          3
 Summon Ice Beast         Ice/Summ       77%        N/A       3%          3
 Swiftness                Air            77%        N/A       3%          3
 Teleport Other           Tloc           77%        N/A       3%          3
 Volatile Blastmotes      Fire/Tloc      100%       2d18      3%          3
 Anguish                  Hex/Necr       38%        N/A       10%         4
 Animate Armour           Summ/Erth      100%       N/A       10%         4
 Brom's Barrelling Bould  Conj/Erth      77%        2d9       10%         4
 Cause Fear               Hex            38%        N/A       10%         4
 Dimensional Bullseye     Hex/Tloc       38%        N/A       10%         4
 Summon Lightning Spire   Summ/Air       77%        N/A       10%         4
 Fireball                 Conj/Fire      38%        3d16      24%         5
 Freezing Cloud           Conj/Ice/Air   38%        6-21      24%         5
 Lee's Rapid Deconstruct  Erth           38%        3d19*     24%         5
 Summon Forest            Summ/Tloc      38%        N/A       24%         5
 Summon Mana Viper        Hex/Summ       77%        N/A       24%         5
 Yara's Violent Unravell  Hex/Alch       38%        3d15      24%         5
 Dispersal                Tloc           38%        N/A       75%         6
 Sculpt Simulacrum        Ice/Alch       38%        N/A       75%         6
 Starburst                Conj/Fire      38%        6d11      75%         6
 Summon Cactus Giant      Summ           38%        N/A       75%         6
 Enfeeble                 Hex            38%        N/A       99%         7
 Summon Hydra             Summ           38%        N/A       99%         7
 Lehudib's Crystal Spear  Conj/Erth      38%        10d10     100%        8
 Maxwell's Capacitive Co  Air            38%        ∞         100%        8
 Dragon's Call            Summ           38%        N/A       100%        9


Dungeon Overview and Level Annotations

Branches:
Dungeon (15/15)            Temple (1/1) D:5            Lair (5/5) D:8
  Swamp (4/4) Lair:3        Snake (4/4) Lair:2        Slime (0/5) Lair:4
    Orc (2/2) D:10            Elf (0/3) Orc:2        Vaults (0/5) D:13
 Bailey (visited)
 Depths: D:15

Altars:
Ashenzari
Cheibriados
Dithmenos
Elyvilon
Fedhas
Gozag
Hepliaklqana
Kikubaaqudgha
Makhleb
Nemelex Xobeh
Okawaru
Qazlal
Ru
Sif Muna
Trog
Uskayaw
Vehumet
Wu Jian
Xom
Yredelemnul
Zin
The Shining One
Jiyva

Shops:
D:1 :[=*   D:7 *   D:9 ?   Orc:2 =(*([   Snake:2 [


Innate Abilities, Weirdness & Mutations

You have very sharp teeth.
Your uncanny sense of smell can sniff out nearby items.
Your experience applies equally to all skills.
Your body sometimes deteriorates upon taking damage.
Your spells are a little harder to cast, but a little more powerful.


Message History

There is an open door here.
You barely miss the nagaraja.
Your +1 eveningstar of Baukhlu {spect, rC+ Str+4} hits the nagaraja but does no damage.
You feel very sick. You block the nagaraja's attack. The nagaraja grabs you.
The nagaraja constricts you.
You closely miss the nagaraja.
You bite the nagaraja, but do no damage.
Your +1 eveningstar of Baukhlu {spect, rC+ Str+4} hits the nagaraja!
You feel sick. You block the nagaraja's attack. The nagaraja constricts you.
* * * LOW HITPOINT WARNING * * *
You hit the nagaraja.
The nagaraja is lightly wounded.
Your +1 eveningstar of Baukhlu {spect, rC+ Str+4} hits the nagaraja but does no damage.
You feel sick.
The nagaraja hits you but does no damage.
The nagaraja constricts you.
You impale the nagaraja!!
The nagaraja is moderately wounded.
Your +1 eveningstar of Baukhlu {spect, rC+ Str+4} hits the nagaraja.
You feel sick. The nagaraja closely misses you. The nagaraja constricts you.
* * * LOW HITPOINT WARNING * * *
You barely miss the nagaraja.
The nagaraja is moderately wounded.
Your +1 eveningstar of Baukhlu {spect, rC+ Str+4} hits the nagaraja!
You feel sick.
The nagaraja hits you with a +0 halberd!
* * * LOW HITPOINT WARNING * * *
The nagaraja constricts you.
* * * LOW HITPOINT WARNING * * *
Aiming: Corrosive Bolt
Press: ? - help, Shift-Dir - straight line, f - nagaraja
Aim: a nagaraja, wielding a +0 halberd and wearing a +0 robe (heavily wounded, constricting you, 76% to hit)
The bolt of acid hits the nagaraja!!
The acid corrodes the nagaraja!
The nagaraja is almost dead.
The now-empty wand crumbles to dust.
Your +1 eveningstar of Baukhlu {spect, rC+ Str+4} disappears.
You feel sick.
The nagaraja hits you with a +0 halberd!!
You die...

......'))).).....#
..#####..)......## .. #
###.............# #.#.
..........#####.# ...#
#.....)..##..)####.#.#
#......###)###.##....##
.......###.....##.....##
....)...#.......#N.....##
........'.~~~~≈.@.....~≈#
........'.~≈≈≈~.#.....~≈#
........'.~≈~~~)+)....~≈#
.######.#......)#......##
.#....####.....##.....##
#'#...'###.###.##....##
.....##..##...####.#.#
.~~~~.
.....#....#####.##...##
....N
#....#..........#.#.#.#
.~N~


You could see a nagaraja (corroded).

Vanquished Creatures
  Vashnia (Snake:4)
  Frances (Snake:1)
  Aizul (Swamp:2)
  A thorn hunter (Swamp:4)
  5 nagarajas
  2 fenstrider witches
  An orc warlord (Orc:1)
  A stone giant (Orc:2)
  3 eleionomae
  3 bunyips
  3 ettins
  Josephine (Lair:3)
  Snorg (Lair:4)
  A salamander tyrant (Snake:3)
  3 vault guards (D:13)
  An ogre mage (D:14)
  A catoblepas (Lair:5)
  9 alligators
  22 hydras
  2 boulder beetles
  5 centaur warriors
  6 two-headed ogres
  6 anacondas
  13 naga warriors
  2 spriggan berserkers
  A tengu warrior (D:14)
  17 naga sharpshooters
  Nergalle (Lair:3)
  5 shock serpents
  Amaemon (Lair:1)
  5 goliath frogs
  4 skeletal warriors
  A salamander mystic (Snake:4)
  2 skysharks (Lair:5)
  10 swamp dragons
  2 deep elf archers (D:13)
  5 mana vipers
  5 spriggan druids
  6 bog bodies
  17 sea snakes
  4 orc knights
  A deep elf pyromancer (D:8)
  3 naga ritualists
  A necromancer (Lair:4)
  2 will-o-the-wisps (Swamp:2)
  4 manticores
  3 ugly things
  13 cyclopes
  10 salamanders
  An oklob plant (Lair:5)
  2 orc sorcerers
  3 slime creatures
  4 kobold blastminers (Orc:2)
  4 guardian serpents (Snake:4)
  7 elephants
  24 black mambas
  10 cane toads
  A rime drake (Lair:5)
  2 gargoyles
  2 kobold demonologists (D:13)
  12 komodo dragons
  An unseen horror (D:12)
  12 naga magi
  An orange demon (Lair:1)
  4 tengu conjurers
  A yaktaur (D:13)
  7 tyrant leeches
  6 polar bears
  A wolf spider simulacrum (D:13)
  14 hornets
  6 trolls
  19 blink frogs
  11 dream sheep (Lair:5)
  Grinder (D:4)
  6 wraiths
  5 shadows
  A water elemental (D:13)
  27 yaks
  Eustachio (D:6)
  A human (shapeshifter) (D:15)
  23 spriggans
  A steam dragon (D:8)
  2 basilisks
  7 wyverns
  6 wargs
  A human (D:13)
  6 vampire mosquitoes
  30 nagas
  Edmund (D:4)
  19 swamp worms
  4 acid dragons
  22 water moccasins
  Duvessa (D:7)
  25 orc warriors
  A sky beast (D:6)
  10 swamp drakes
  11 black bears
  11 ogres
  33 wolves
  6 boggarts
  11 centaurs
  4 phantoms
  Blork the orc (D:6)
  2 kobold brigands
  14 bullfrogs
  2 scorpions
  A wight (D:8)
  Dowan (D:7)
  15 killer bees
  2 electric eels (Snake:3)
  A howler monkey (D:8)
  A vampire bat (D:6)
  A lava snake (Orc:1)
  12 orc priests
  3 jellies
  3 bombardier beetles (D:5)
  A gnoll bouda (D:8)
  6 hounds
  2 sleepcaps
  2 iguanas
  26 orc wizards
  2 polar bear simulacra (Lair:4)
  5 yak simulacra (Lair:4)
  3 wolf simulacra (Lair:4)
  Robin (D:4)
  9 adders
  13 gnolls
  2 shadow imps (D:7)
  3 white imps
  4 ufetubi
  A dart slug (D:3)
  4 ribbon worms
  64 orcs
  5 ball pythons
  3 bats (D:1)
  4 bat skeletons (D:6)
  2 bat zombies (D:6)
  7 endoplasms
  3 giant cockroaches
  23 goblins
  15 hobgoblins
  8 jackals
  7 quokkas
  3 training dummies (Orc:2)
  A ball python (shapeshifter) (D:13)
  21 kobolds
  7 rats
  A river rat simulacrum (Lair:4)
  5 spectral weapons
972 creatures vanquished.

Vanquished Creatures (collateral kills)
  2 thorn hunters
  A hydra (Swamp:4)
  A boulder beetle (D:8)
  2 naga sharpshooters (Snake:4)
  A salamander (Snake:4)
  A guardian serpent (Snake:3)
  2 black mambas (Snake:4)
  2 nagas (Snake:3)
  An ice beast (D:4)
  A scorpion (D:4)
  2 orcs (D:4)
  A goblin (D:1)
  A quokka (D:1)
18 creatures vanquished.

Vanquished Creatures (others)
  An alligator (Lair:4)
  2 bloated husks
  A swamp worm (Lair:4)
  An orc priest (D:9)
  An orc wizard (D:8)
  A kobold (D:1)
  5 foxfires (Swamp:2)
  23 spectral weapons
35 creatures vanquished.

Grand Total: 1025 creatures vanquished

Notes
Turn   | Place    | Note
-------+----------+-------------------------------------------
     0 | D:1      | bearlyready the Gnoll Artificer began the quest for the
                  | Orb.
     0 | D:1      | Reached XP level 1. HP: 17/17 MP: 1/1
   116 | D:1      | Reached XP level 2. HP: 22/23 MP: 2/2
   210 | D:1      | Found Tinutim's Antique Armour Shop.
   218 | D:1      | Found Ruurphi Rarph's Jewellery Shop.
   294 | D:1      | Found Petiu's Book Shoppe.
   392 | D:1      | Found a faded altar of an unknown god.
   434 | D:1      | Reached XP level 3. HP: 28/28 MP: 3/3
   495 | D:1      | Found Enloag Exel's General Store.
   518 | D:1      | Bought a scroll of teleportation for 39 gold pieces
   846 | D:1      | Reached skill level 1 in Invocations
   926 | D:2      | Reached skill level 1 in Short Blades
   926 | D:2      | Reached skill level 1 in Long Blades
   926 | D:2      | Reached skill level 1 in Axes
   926 | D:2      | Reached skill level 1 in Maces & Flails
   926 | D:2      | Reached skill level 1 in Polearms
   926 | D:2      | Reached skill level 1 in Staves
   926 | D:2      | Reached skill level 1 in Ranged Weapons
   926 | D:2      | Reached skill level 1 in Throwing
   926 | D:2      | Reached skill level 1 in Shields
   926 | D:2      | Reached skill level 1 in Unarmed Combat
   926 | D:2      | Reached skill level 1 in Spellcasting
   948 | D:2      | Reached skill level 1 in Shapeshifting
   948 | D:2      | Reached XP level 4. HP: 23/34 MP: 5/5
  1051 | D:2      | Reached skill level 1 in Conjurations
  1051 | D:2      | Reached skill level 1 in Hexes
  1051 | D:2      | Reached skill level 1 in Summonings
  1051 | D:2      | Reached skill level 1 in Necromancy
  1051 | D:2      | Reached skill level 1 in Translocations
  1051 | D:2      | Reached skill level 1 in Fire Magic
  1051 | D:2      | Reached skill level 1 in Ice Magic
  1051 | D:2      | Reached skill level 1 in Air Magic
  1051 | D:2      | Reached skill level 1 in Earth Magic
  1051 | D:2      | Reached skill level 1 in Alchemy
  1943 | D:3      | Reached XP level 5. HP: 40/40 MP: 7/7
  2478 | D:4      | Noticed an ogre
  2479 | D:4      | Noticed a black bear
  2491 | D:3      | Killed an ogre
  2538 | D:4      | Noticed an ice beast
  2550 | D:4      | Killed an ice beast
  2551 | D:4      | Reached skill level 5 in Armour
  2551 | D:4      | Reached XP level 6. HP: 17/47 MP: 7/9
  2705 | D:4      | Noticed Edmund
  2721 | D:4      | Killed Edmund
  2922 | D:4      | Reached XP level 7. HP: 35/52 MP: 10/10
  3115 | D:4      | Gained mutation: Your body sometimes deteriorates upon
                  | taking damage. [potion of mutation]
  3115 | D:4      | Gained mutation: Your spells are a little harder to cast,
                  | but a little more powerful. [potion of mutation]
  3120 | D:4      | HP: 3/79 [poisoned by a scorpion]
  3122 | D:4      | HP: 1/53 [poisoned by a scorpion]
  3714 | D:4      | Reached XP level 8. HP: 58/60 MP: 12/12
  3803 | D:4      | Noticed Robin
  3848 | D:4      | Killed Robin
  3911 | D:4      | Noticed Grinder
  3915 | D:4      | Killed Grinder
  4172 | D:4      | Identified the +1 helmet of Geropriwy {rElec rF++}
  4259 | D:5      | Entered Level 5 of the Dungeon
  4801 | D:5      | Reached XP level 9. HP: 62/66 MP: 14/14
  4934 | D:5      | Found a staircase to the Ecumenical Temple.
  5080 | Temple   | Entered the Ecumenical Temple
  5108 | Temple   | Became a worshipper of Cheibriados the Contemplative
  5595 | D:6      | Reached skill level 5 in Fighting
  5595 | D:6      | Reached skill level 5 in Dodging
  5610 | D:6      | Noticed Blork the orc
  5620 | D:6      | Killed Blork the orc
  5700 | D:6      | Reached skill level 5 in Stealth
  5834 | D:6      | Found a broken altar of Ashenzari.
  5914 | D:6      | Reached * piety under Cheibriados
  5915 | D:6      | Found an ancient bone altar of Kikubaaqudgha.
  6257 | D:6      | Reached skill level 5 in Invocations
  6381 | D:6      | Found an ornate altar of the Wu Jian Council.
  6382 | D:6      | Noticed Eustachio
  6431 | D:6      | Killed Eustachio
  6562 | D:7      | Noticed Dowan
  6565 | D:7      | Noticed Duvessa
  6574 | D:7      | Killed Duvessa
  6584 | D:7      | Killed Dowan
  6611 | D:7      | Found Veoroz's General Store.
  6975 | D:7      | Reached ** piety under Cheibriados
  7284 | D:8      | Noticed a troll
  7284 | D:8      | Noticed a boulder beetle
  7286 | D:8      | Noticed a gargoyle
  7345 | D:8      | Reached skill level 5 in Short Blades
  7345 | D:8      | Reached skill level 5 in Long Blades
  7345 | D:8      | Reached skill level 5 in Axes
  7345 | D:8      | Reached skill level 5 in Maces & Flails
  7345 | D:8      | Reached skill level 5 in Polearms
  7345 | D:8      | Reached skill level 5 in Staves
  7345 | D:8      | Reached skill level 5 in Ranged Weapons
  7345 | D:8      | Reached skill level 5 in Throwing
  7345 | D:8      | Reached skill level 5 in Shields
  7345 | D:8      | Reached skill level 5 in Unarmed Combat
  7345 | D:8      | Reached skill level 5 in Spellcasting
  7345 | D:8      | Reached XP level 10. HP: 70/76 MP: 17/17
  7499 | D:8      | Noticed a cyan ugly thing
  7510 | D:8      | Killed a cyan ugly thing
  7762 | D:8      | Noticed an elephant
  7955 | D:9      | Noticed a two-headed ogre
  7973 | D:9      | Killed a two-headed ogre
  7974 | D:9      | Reached skill level 5 in Shapeshifting
  7986 | D:9      | Reached *** piety under Cheibriados
  7999 | D:9      | Paralysed by a hornet for 3 turns
  8369 | D:9      | Found Dirghy's Magic Scroll Shoppe.
  8773 | D:10     | Entered Level 10 of the Dungeon
  8866 | D:10     | Found a flagged portal.
  8896 | Bailey   | Entered a bailey
  8935 | Bailey   | Reached **** piety under Cheibriados
  9023 | Bailey   | Noticed an orc knight
  9027 | Bailey   | Reached skill level 5 in Conjurations
  9027 | Bailey   | Reached skill level 5 in Hexes
  9027 | Bailey   | Reached skill level 5 in Summonings
  9027 | Bailey   | Reached skill level 5 in Necromancy
  9027 | Bailey   | Reached skill level 5 in Translocations
  9027 | Bailey   | Reached skill level 5 in Fire Magic
  9027 | Bailey   | Reached skill level 5 in Ice Magic
  9027 | Bailey   | Reached skill level 5 in Air Magic
  9027 | Bailey   | Reached skill level 5 in Earth Magic
  9027 | Bailey   | Reached skill level 5 in Alchemy
  9038 | Bailey   | Killed an orc knight
  9039 | Bailey   | Reached XP level 11. HP: 21/83 MP: 20/20
  9553 | D:10     | Found a shimmering blue altar of Sif Muna.
  9622 | D:10     | Noticed a two-headed ogre
  9633 | D:10     | Killed a two-headed ogre
 10204 | D:10     | Reached ***** piety under Cheibriados
 10298 | D:10     | Found a staircase to the Orcish Mines.
 11036 | D:11     | Noticed a manticore
 11041 | D:11     | Killed a manticore
 11435 | D:11     | Noticed a boulder beetle
 11521 | D:8      | Noticed a centaur warrior
 11540 | D:8      | Killed a centaur warrior
 11807 | D:8      | Found a staircase to the Lair.
 11909 | D:8      | Noticed a deep elf pyromancer
 11926 | D:8      | Identified a scroll of acquirement
 11940 | D:8      | Killed a deep elf pyromancer
 11958 | D:8      | Killed a boulder beetle
 11959 | D:8      | Reached XP level 12. HP: 60/91 MP: 22/22
 12139 | D:8      | Found the amulet of Elemental Vulnerability {rPois rF--
                  | rC-- AC+8}
 12377 | Lair:1   | Entered Level 1 of the Lair of Beasts
 12378 | Lair:1   | Acquired 1068 gold pieces
 12396 | Lair:1   | Noticed Amaemon
 12411 | Lair:1   | Killed Amaemon
 12412 | Lair:1   | Reached skill level 10 in Evocations
 13118 | Lair:2   | Found a staircase to the Snake Pit.
 14012 | Lair:3   | Noticed a five-headed hydra
 14022 | Lair:3   | Killed a five-headed hydra
 14024 | Lair:3   | Noticed Nergalle
 14043 | Lair:3   | Killed Nergalle
 14045 | Lair:3   | Reached XP level 13. HP: 52/99 MP: 14/25
 14409 | Lair:3   | Identified the +5 war axe of the First Violins {flame, rF+}
 14630 | Lair:3   | Noticed Josephine
 14648 | Lair:3   | Killed Josephine
 15653 | Lair:3   | Found a staircase to the Swamp.
 15806 | Lair:4   | Noticed Snorg
 15811 | Lair:4   | Reached skill level 10 in Armour
 15826 | Lair:4   | Killed Snorg
 15999 | Lair:4   | Found a staircase to the Slime Pits.
 16002 | Lair:4   | Found a viscous altar of Jiyva.
 16793 | Lair:4   | Reached XP level 14. HP: 97/108 MP: 27/27
 16801 | Lair:4   | Reached skill level 10 in Invocations
 17143 | Lair:5   | Entered Level 5 of the Lair of Beasts
 17811 | Lair:5   | Reached skill level 10 in Fighting
 17811 | Lair:5   | Reached skill level 10 in Dodging
 18029 | Lair:5   | Reached skill level 10 in Stealth
 18929 | D:11     | Found a bloodstained altar of Trog.
 19100 | D:12     | Acquired a +2 pair of gloves of stealth
 19137 | D:12     | Reached skill level 10 in Short Blades
 19137 | D:12     | Reached skill level 10 in Long Blades
 19137 | D:12     | Reached skill level 10 in Axes
 19137 | D:12     | Reached skill level 10 in Maces & Flails
 19137 | D:12     | Reached skill level 10 in Polearms
 19137 | D:12     | Reached skill level 10 in Staves
 19137 | D:12     | Reached skill level 10 in Ranged Weapons
 19137 | D:12     | Reached skill level 10 in Throwing
 19137 | D:12     | Reached skill level 10 in Shields
 19137 | D:12     | Reached skill level 10 in Unarmed Combat
 19137 | D:12     | Reached skill level 10 in Spellcasting
 19268 | D:12     | Reached XP level 15. HP: 117/117 MP: 29/29
 20259 | D:13     | Reached ****** piety under Cheibriados
 20303 | D:13     | Paralysed by an orc sorcerer for 3 turns
 20391 | D:13     | Found a gate to the Vaults.
 21674 | D:14     | Identified the +7 shortbow of Ahuer {antimagic, rElec rF-
                  | rCorr}
 21735 | D:14     | Found a radiant altar of Vehumet.
 22032 | D:15     | Entered Level 15 of the Dungeon
 22305 | Orc:1    | Entered Level 1 of the Orcish Mines
 22572 | Orc:1    | Noticed an orc warlord
 22609 | Orc:1    | Killed an orc warlord
 23141 | Orc:2    | Entered Level 2 of the Orcish Mines
 23141 | Orc:2    | Found Zionewn's Antique Weapon Emporium.
 23652 | Orc:2    | Found a staircase to the Elven Halls.
 23668 | Orc:2    | Reached skill level 10 in Shapeshifting
 23672 | Orc:2    | Found Sige's Antique Armour Boutique.
 23849 | Orc:2    | Found Fougaufu's Firing Range.
 24026 | Orc:2    | Found Wysahoske's General Store.
 24098 | Orc:2    | Found Iceamocy's Jewellery Boutique.
 24115 | Orc:2    | Reached XP level 16. HP: 125/125 MP: 30/30
 24599 | Swamp:1  | Entered Level 1 of the Swamp
 24775 | Swamp:1  | Noticed a fenstrider witch
 24783 | Swamp:1  | Paralysed by a fenstrider witch for 4 turns
 24793 | Swamp:1  | Killed a fenstrider witch
 25297 | D:7      | Bought the +1 eveningstar of Baukhlu {spect, rC+ Str+4} for
                  | 973 gold pieces
 25694 | Swamp:2  | Identified the serpent talisman "Duodgh" {rElec rF+ Will-}
 25694 | Swamp:2  | Noticed Aizul
 25704 | Swamp:2  | Killed Aizul
 26082 | Swamp:2  | Noticed a fenstrider witch
 26090 | Swamp:2  | Killed a fenstrider witch
 26320 | Swamp:2  | You are sucked into a shaft and drop 1 floor!
 27581 | Swamp:2  | Noticed a thorn hunter
 27600 | Swamp:2  | Killed a thorn hunter
 28083 | Swamp:4  | Entered Level 4 of the Swamp
 28364 | Swamp:4  | Noticed a thorn hunter
 28464 | Swamp:4  | Learned a level 3 spell: Fugue of the Fallen
 28467 | Swamp:4  | Learned a level 2 spell: Blink
 28471 | Swamp:4  | Learned a level 3 spell: Passwall
 28476 | Swamp:4  | Learned a level 4 spell: Manifold Assault
 28494 | Swamp:4  | Killed a thorn hunter
 28661 | Swamp:4  | Reached XP level 17. HP: 61/133 MP: 19/32
 29143 | Swamp:4  | Reached skill level 10 in Conjurations
 29143 | Swamp:4  | Reached skill level 10 in Hexes
 29143 | Swamp:4  | Reached skill level 10 in Summonings
 29143 | Swamp:4  | Reached skill level 10 in Necromancy
 29143 | Swamp:4  | Reached skill level 10 in Translocations
 29143 | Swamp:4  | Reached skill level 10 in Fire Magic
 29143 | Swamp:4  | Reached skill level 10 in Ice Magic
 29143 | Swamp:4  | Reached skill level 10 in Air Magic
 29143 | Swamp:4  | Reached skill level 10 in Earth Magic
 29143 | Swamp:4  | Reached skill level 10 in Alchemy
 29313 | Swamp:4  | Got a decaying rune of Zot
 29759 | Snake:1  | Entered Level 1 of the Snake Pit
 30422 | Snake:1  | Noticed Frances
 30435 | Snake:1  | Killed Frances
 31460 | Snake:2  | Found Egorouv's Antique Armour Shop.
 33259 | Snake:3  | Found Dawnario's Vocational Training.
 33493 | Snake:3  | Bought a manual of Evocations for 1360 gold pieces
 33493 | Snake:3  | Bought a manual of Invocations for 1360 gold pieces
 33715 | Snake:3  | Identified the +9 sling "Qufu" {antimagic, Stlth+}
 33776 | Snake:4  | Entered Level 4 of the Snake Pit
 34228 | Snake:4  | Reached XP level 18. HP: 135/142 MP: 34/34
 35086 | Snake:4  | Noticed Vashnia
 35121 | Snake:4  | Killed Vashnia
 36539 | Snake:4  | Slain by a nagaraja

Illustrated notes

Levels and vault maps discovered:
D:1:      minmay_arrival_semitransparent, layout_rooms,
          chequers_ecumenical_altar_island, serial_shops, shop, shop, shop,
          shop_fountains
D:2:      layout_basic
D:3:      layout_basic
D:4:      kennysheep_spiral_hall, layout_cave_pods, uniq_edmund, uniq_grinder,
          uniq_robin
D:5:      layout_gridville, temple_green, minmay_splitting_lines
D:6:      layout_loops_ring, nicolae_wu_jian_immortal_techniques,
          kennysheep_vampire_church, mainiacjoe_overflow_alcove_4,
          uniq_blork_the_orc, uniq_eustachio
D:7:      layout_loops_ring, serial_shops, nicolae_shop_waterfront,
          minmay_statues_item, uniq_duvessa
D:8:      wad_arrow_thing, layout_loops_ring, david_lair_generic,
          minmay_diamond_spiral
D:9:      layout_long_grid, serial_shops, shop
D:10:     layout_basic, old_standard_altar, erik_orc_1, enter_bailey_5
D:11:     layout_irregular_city, trog_antimagical
D:12:     layout_loops_cross, gauntlet_entry_generic
D:13:     layout_basic, grunt_vaults_entry_fortified, serial_bayou,
          serial_bayou_pond_b, serial_bayou_pond_e, serial_bayou_lagoon_a,
          serial_bayou_pond_d, grunt_tough_drop
D:14:     layout_gridville, nicolae_cairo_tiling, vehumet_altar_wand_db
D:15:     hangedman_depths_entry_try_elsewhere_first, layout_long_grid,
          okawaru_metal_pillars_1_2
Temple:   mainiacjoe_temple_bowtie_tessellation
Lair:1:   layout_roguey, uniq_amaemon
Lair:2:   layout_regular_city, guppyfry_snake_entry_garden, grunt_megastairs_4,
          infiniplex_staircase_pool_2, lemuel_fruit_fields
Lair:3:   layout_regular_city, mainiacjoe_swamp_entry_angry_trees,
          lemuel_fruit_fields, grunt_megastairs_5, uniq_nergalle, uniq_josephine
Lair:4:   onia_ninara_swampy_vault, layout_hall_layers, slime_entry_1,
          eino_house_with_fridge, uniq_snorg
Lair:5:   minmay_lair_end_enchanted_forest, layout_small_grid
Swamp:1:  layout_falls_marsh, hangedman_swamp_ruin_hall,
          infiniplex_staircase_pool
Swamp:2:  nzn_winding_woodlands_small [nzn_winding_woodlands_5x15_jagged,
          nzn_winding_woodlands_center_lodge,
          nzn_winding_woodlands_5x15_default], layout_basic_swamp,
          evilmike_swamp_ruin_house_3, uniq_aizul
Swamp:3:  layout_falls_marsh, evilmike_swamp_ruin_house_6
Swamp:4:  swamp_basic_johnstein, layout_basic_swamp, swamp_pool_4
Snake:1:  layout_gridlike, grunt_ministairs_3, uniq_frances
Snake:2:  layout_grid_maze, minmay_shop_star
Snake:3:  layout_basic, hangedman_snake_thin_pillar_pass,
          nicolae_snake_gridmaze_waves, nicolae_shop_vocational
Snake:4:  grunt_snake_rune_pools, layout_cave_town, uniq_vashnia
Orc:1:    layout_caves, nicolae_orc_lava_tube, uniq_erica, uniq_maurice
Orc:2:    grunt_orc_gardens, layout_caves, grunt_orc_garden, grunt_orc_garden,
          grunt_orc_garden, grunt_orc_garden, nicolae_shop_firing_range

Skill      XL: |  1  2  3  4  5  6  7  8  9 10 11 12 13 14 15 16 17 18 |
---------------+-------------------------------------------------------+-----
Invocations    | 1 2 3 4 5 6 7 8 9 10 11 12 13 14 | 14.6
Short Blades   | 1 2 3 5 6 7 8 9 10 11 12 | 12.9
Long Blades    | 1 2 3 5 6 7 8 9 10 11 12 | 12.9
Axes           | 1 2 3 5 6 7 8 9 10 11 12 | 12.9
Maces & Flails | 1 2 3 5 6 7 8 9 10 11 12 | 12.9
Polearms       | 1 2 3 5 6 7 8 9 10 11 12 | 12.9
Staves         | 1 2 3 5 6 7 8 9 10 11 12 | 12.9
Ranged Weapons | 1 2 3 5 6 7 8 9 10 11 12 | 12.9
Throwing       | 1 2 3 5 6 7 8 9 10 11 12 | 12.9
Shields        | 1 2 3 5 6 7 8 9 10 11 12 | 12.9
Unarmed Combat | 1 2 3 5 6 7 8 9 10 11 12 | 12.9
Spellcasting   | 1 2 3 5 6 7 8 9 10 11 12 | 12.9
Shapeshifting  | 1 2 3 4 5 6 7 8 9 10 11 | 11.9
Conjurations   | 1 2 3 4 5 6 7 8 9 10 11 | 11.0
Hexes          | 1 2 3 4 5 6 7 8 9 10 11 | 11.0
Summonings     | 1 2 3 4 5 6 7 8 9 10 11 | 11.0
Necromancy     | 1 2 3 4 5 6 7 8 9 10 11 | 11.0
Translocations | 1 2 3 4 5 6 7 8 9 10 11 | 11.0
Fire Magic     | 1 2 3 4 5 6 7 8 9 10 11 | 11.0
Ice Magic      | 1 2 3 4 5 6 7 8 9 10 11 | 11.0
Air Magic      | 1 2 3 4 5 6 7 8 9 10 11 | 11.0
Earth Magic    | 1 2 3 4 5 6 7 8 9 10 11 | 11.0
Alchemy        | 1 2 3 4 5 6 7 8 9 10 11 | 11.0
Fighting       | 3 4 5 6 7 8 9 10 11 12 13 | 13.2
Dodging        | 3 4 5 6 7 8 9 10 11 12 13 | 13.2
Armour         | 5 6 7 8 9 10 11 12 13 | 13.6
Stealth        | 3 4 5 6 7 8 9 10 11 12 13 | 13.1
Evocations     | 7 8 9 10 11 12 13 14 | 14.8

Action                     |  1- 3 |  4- 6 |  7- 9 | 10-12 | 13-15 | 16-18 || total
---------------------------+-------+-------+-------+-------+-------+-------++-------
  Melee: Club              |   119 |       |       |       |       |       ||   119
         Bite              |    11 |    22 |    74 |   106 |   325 |   164 ||   702
         Punch             |     1 |     2 |    19 |    46 |    36 |       ||   104
         Flail             |     8 |   118 |       |       |       |       ||   126
         Morningstar       |       |    31 |   520 |   775 |  1747 |   103 ||  3176
         Eveningstar       |       |       |       |       |       |   749 ||   749
  Throw: Dart              |       |     2 |     2 |     1 |       |       ||     5
         Boomerang         |       |       |       |    13 |    66 |    22 ||   101
         Throwing net      |       |       |       |       |       |     2 ||     2
   Cast: Manifold Assault  |       |       |       |       |       |    13 ||    13
         Fugue of the Fall |       |       |       |       |       |     4 ||     4
 Invoke: Slouch            |       |       |       |     6 |    15 |     7 ||    28
         Step From Time    |       |       |       |       |       |     2 ||     2
  Evoke: Wand              |     5 |     8 |    10 |    15 |    18 |    18 ||    74
         Sack of spiders   |       |       |       |       |       |     5 ||     5
         Phial of floods   |       |       |       |       |       |     1 ||     1
    Use: Potion            |       |     1 |     3 |       |     1 |     6 ||    11
         Scroll            |       |       |     5 |    13 |    10 |    13 ||    41
   Stab: Sleeping          |     2 |     2 |     3 |     6 |       |       ||    13
         Distracted        |     1 |       |       |     2 |       |    28 ||    31
         Paralysed         |       |       |       |    14 |       |     1 ||    15
         Petrified         |       |       |       |       |     3 |       ||     3
         Held in net/web   |       |       |       |       |       |     5 ||     5
 Armour: Leather armour    |    92 |    90 |       |       |       |       ||   182
         Ring mail         |       |    31 |     6 |       |       |       ||    37
         Scale mail        |       |       |   435 |       |       |       ||   435
         Steam dragon scal |       |       |    26 |   137 |       |       ||   163
         Acid dragon scale |       |       |       |   205 |       |       ||   205
         Gold dragon scale |       |       |       |   266 |  1642 |   578 ||  2486
  Dodge: Dodged            |   130 |   120 |   641 |  1267 |  1625 |   617 ||  4400
  Block: Kite shield       |       |       |       |       |  1623 |   804 ||  2427
         Form:             |       |       |     1 |       |       |       ||     1
         Beast             |       |       |     1 |       |       |       ||     1
